 Dungeon Crawl Stone Soup version 0.23-a0-586-gacb4b3f (console) character file.

62 Duffy the Firebug (level 3, -1/19 HPs)
             Began as a Deep Elf Fire Elementalist on Dec 19, 2018.
             Killed by divine providence
             ... invoked by an orc priest
              (12 damage)
             ... on level 3 of the Dungeon.
             The game lasted 00:01:55 (2189 turns).

Duffy the Firebug (Deep Elf Fire Elementalist)      Turns: 2189, Time: 00:01:55

Health: -1/19      AC:  2    Str:  5    XL:     3   Next: 85%
Magic:  9/9        EV: 13    Int: 20    God:
Gold:   81         SH:  0    Dex: 15    Spells: 4/8 levels left

rFire    . . .     SeeInvis .   c - 2 rations
rCold    . . .     Gourm    .   (no shield)
rNeg     . . .     Faith    .   a - +0 robe
rPois    .         Spirit   .   (no helmet)
rElec    .         Reflect  .   (no cloak)
rCorr    .         Harm     .   (no gloves)
MR       .....                  (no boots)
Stlth    ++........             (no amulet)
HPRegen  0.06/turn              (no ring)
MPRegen  0.11/turn              (no ring)

@: no status effects
A: no striking features
a: no special abilities


You were on level 3 of the Dungeon.
You were not hungry.

You visited 1 branch of the dungeon, and saw 3 of its levels.

You collected 81 gold pieces.

Inventory:

Armour
 a - a +0 robe (worn)
Scrolls
 b - 2 scrolls of remove curse {unknown}
 d - 2 scrolls of identify {unknown}
 i - a scroll of teleportation {unknown}
 j - 2 scrolls of fear {unknown}
 o - a scroll of immolation {unknown}
 q - a scroll of enchant armour {unknown}
Potions
 e - a potion of degeneration {unknown}
 g - 2 potions of curing {unknown}
 h - a potion of agility {unknown}
 k - a potion of cancellation {unknown}
 l - 2 potions of mutation {unknown}
 m - 2 potions of flight {unknown}
 n - a potion of might {unknown}
 p - a potion of haste {unknown}
Comestibles
 c - 2 rations (in hand)
 f - 6 chunks of flesh


   Skills:
 - Level 2.4 Dodging
 - Level 2.4 Stealth
 + Level 3.4 Spellcasting
 + Level 3.5 Conjurations
 + Level 3.6 Fire Magic


You had 4 spell levels left.
You knew the following spells:

 Your Spells              Type           Power        Failure   Level  Hunger
h - Flame Tongue          Conj/Fire      ###..        3%          1    None
l - Conjure Flame         Conj/Fire      ###.....     10%         3    ###....

Your spell library contained the following spells:

 Spells                   Type           Power        Failure   Level  Hunger
 Throw Flame              Conj/Fire      ###...       4%          2    ##.....
 Inner Flame              Hex/Fire       ##......     19%         3    ###....
 Sticky Flame             Conj/Fire      ###.....     30%         4    ####...
 Fireball                 Conj/Fire      ###.......   65%         5    ######.


Dungeon Overview and Level Annotations

Branches:
Dungeon (3/15)

Altars:
Okawaru

Annotations:
D:2 Dig


Message History

A quokka, an orc, 2 orc priests and an orc wizard come into view.
The orc priest shouts!
The orc shouts!
A goblin comes into view. x2
The orc priest calls down the wrath of Beogh upon you.
Beogh smites you!
The orc priest shouts!
Casting: Flame Tongue (safe; 3% risk of failure)
Confirm with . or Enter, or press ? or * to list all spells.
Aiming: Flame Tongue (safe; 3% risk of failure)
Press: ? - help, Shift-Dir - straight line, f - worm
Aim: a worm The flame tongue hits the worm.
The worm is moderately wounded.
The orc wizard shouts!
The goblin shouts!
The quokka twitches its whiskers.
The orc priest looks satisfied for a moment.
The orc priest invokes the aid of Beogh against you.
Beogh smites you!
Ouch! That really hurt!
You die...

.### ####.# #.. #.# ...#.#..#.#
#.########o#..# ...#.#..#.#
#........o.#..# ...#.#..#.#
#.)....o..#..# ...#.#..#.#
#.........#..# # ........#.#
#.........#..#.#
........#.######...o.....#..#.#####
##.............#.........#.........
##...(.##.####.#.@.........%<.#
.......#.....#.#......##.######
.....#.........#.%.........#
.....###.###....##.....#.#.#
...............%.+.....#.#.###
....####.###....##.....#.....#
....# #.#.'....##..%..#.....# ....#
#.#.#....####...#.....# ....#
#.#.###......#..#.#%#######


You could see 2 orc priests, an orc wizard and an orc.

Vanquished Creatures
  An adder (D:2)
  An ooze (D:1)
  A worm (D:2)
  A dart slug (D:1)
  3 bats
  3 giant cockroaches
  3 goblins
  4 hobgoblins
  3 jackals (D:2)
  5 kobolds (D:1)
  2 quokkas (D:3)
  3 frilled lizards
  13 rats
43 creatures vanquished.

Notes
Turn   | Place    | Note
-------+----------+-------------------------------------------
     0 | D:1      | Duffy the Deep Elf Fire Elementalist began the quest for
                  | the Orb.
     0 | D:1      | Reached XP level 1. HP: 10/10 MP: 6/6
   166 | D:1      | Reached XP level 2. HP: 11/15 MP: 0/8
   915 | D:2      | Reached XP level 3. HP: 19/19 MP: 6/9
   920 | D:2      | Learned a level 3 spell: Conjure Flame
  1635 | D:2      | Found an iron altar of Okawaru.
  2189 | D:3      | Killed from afar by an orc priest

Vault maps used:
D:1:      nzn_arrival_settlement
D:2:      okawaru_trees_1, due_unseen_surprise
D:3:      nicolae_dithmenos_through_a_glass_darkly, first_ration

Skill      XL: |  1  2 |
---------------+-------+-----
Conjurations   | 2 3 |  3.5
Dodging        | |  2.4
Stealth        | |  2.4
Spellcasting   | |  3.4
Fire Magic     | |  3.6

Action                   || total
-------------------------++-------
 Cast: Flame Tongue      ||    66
  Eat: Chunk             ||     4
Armor: Robe              ||     2
Dodge: Dodged            ||    10

Table legend:
 A = Non-vault XP
 B = Vault XP
 C = Vault XP percentage of total XP
 D = Non-vault monster count
 E = Vault monster count
 F = Vault count percentage of total count
                 A         B        C        D         E       F
            +---------+---------+-------+---------+---------+-------
      Total |      89 |       0 |   0.0 |      43 |       0 |   0.0
            +---------+---------+-------+---------+---------+-------
        D:1 |      38 |       0 |   0.0 |      19 |       0 |   0.0
        D:2 |      39 |       0 |   0.0 |      14 |       0 |   0.0
        D:3 |      12 |       0 |   0.0 |      10 |       0 |   0.0
            +---------+---------+-------+---------+---------+-------
